[Event "Titled Tuesday Blitz February 22 Late 2022"]
[White "Tan, Jun Ying"]
[Black "Leitao, Rafael"]
[WhiteFideId "5710413"]
[BlackFideId "2101246"]
[WhiteElo "1827"]
[BlackElo "2609"]
[Result "1-0"]
[Round "03"]
[TimeControl "180+1"]
[Date "2022.02.23"]
[WhiteClock "0:00:03"]
[BlackClock "0:00:15"]

1. d4 Nf6 2. c4 e6 3. Nc3 Bb4 4. e3 O-O 5. Ne2 d5 6. a3 Be7 7. cxd5 exd5 8. Nf4 c6 9. Bd3 Na6 10. O-O Nc7 11. f3 Ne6 12. Nxe6 Bxe6 13. Bc2 c5 14. Ne2 Rc8 15. Bd2 b5 16. b4 cxb4 17. axb4 Qb6 18. Bd3 Ne8 19. e4 Nd6 20. e5 Nf5 21. Bxf5 Bxf5 22. Qb3 Rc4 23. Be3 Rfc8 24. Ng3 Be6 25. Qa2 R8c7 26. f4 f5 27. exf6 Bxf6 28. f5 Bf7 29. Kh1 Rxb4 30. Qf2 Bxd4 31. Bxd4 Qxd4 32. Qe2 Qf6 33. Qe3 d4 34. Qf4 Rbc4 35. Ne4 Qc6 36. f6 Rc2 37. Qg5 Bg6 38. fxg7 Qxe4 39. Qd8+ Kxg7 40. Qf8# 1-0


[Site "https://www.chess.com"]

[Event "Titled Tuesday Blitz February 22 Late 2022"]
[White "Tari, Aryan"]
[Black "Munoz, Francisco Javier"]
[WhiteFideId "1510045"]
[BlackFideId "128368"]
[WhiteElo "2567"]
[BlackElo "2383"]
[Result "1-0"]
[Round "03"]
[TimeControl "180+1"]
[Date "2022.02.23"]
[WhiteClock "0:01:52"]
[BlackClock "0:01:37"]

1. b3 e5 2. Bb2 Nc6 3. e3 Nf6 4. Bb5 Bd6 5. Ne2 O-O 6. O-O e4 7. Ng3 Re8 8. Be2 Bf8 9. d3 exd3 10. Bxd3 d5 11. Be2 b6 12. Nd2 Ne5 13. Nf3 Ng6 14. Bxf6 Qxf6 15. Qxd5 c6 16. Qh5 Bb7 17. Bc4 h6 18. Rad1 Rad8 19. Rxd8 Rxd8 20. Ne4 Qe7 21. Qxg6 b5 22. Nfg5 1-0


[Site "https://www.chess.com"]

[Event "Titled Tuesday Blitz February 22 Late 2022"]
[White "Terry, Renato"]
[Black "Garagulya, Konstantin"]
[WhiteFideId "3803457"]
[BlackFideId "4128931"]
[WhiteElo "2577"]
[BlackElo "2329"]
[Result "1-0"]
[Round "03"]
[TimeControl "180+1"]
[Date "2022.02.23"]
[WhiteClock "0:00:41"]
[BlackClock "0:00:02"]

1. e4 c5 2. Nf3 a6 3. c3 d5 4. exd5 Qxd5 5. d4 Nf6 6. c4 Qe4+ 7. Be2 cxd4 8. Nbd2 Qg6 9. Nxd4 e5 10. N4b3 Qxg2 11. Bf3 Qh3 12. Qe2 Nbd7 13. Ne4 Nxe4 14. Qxe4 f5 15. Qd5 e4 16. Be2 Qg2 17. Rf1 Nf6 18. Qe5+ Be7 19. Be3 Kf7 20. O-O-O Qh3 21. Rg1 Re8 22. Qc7 Be6 23. Kb1 Rac8 24. Qxb7 Rb8 25. Qxa6 Qxh2 26. Nd4 Qe5 27. Bf4 1-0


[Site "https://www.chess.com"]

[Event "Titled Tuesday Blitz February 22 Late 2022"]
[White "Timofeev, Artyom"]
[Black "Vusatiuk, Vladimir"]
[WhiteFideId "4140419"]
[BlackFideId "14118610"]
[WhiteElo "2583"]
[BlackElo "2157"]
[Result "1-0"]
[Round "03"]
[TimeControl "180+1"]
[Date "2022.02.22"]
[WhiteClock "0:00:57"]
[BlackClock "0:00:03"]

1. d4 Nf6 2. c4 e6 3. Nc3 Bb4 4. e3 O-O 5. Bd3 d5 6. Nf3 c5 7. O-O dxc4 8. Bxc4 cxd4 9. exd4 b6 10. Qe2 Bb7 11. Rd1 Nc6 12. d5 exd5 13. Nxd5 Nxd5 14. Bxd5 Qe7 15. Qxe7 Bxe7 16. Be3 Bf6 17. Nd4 Rac8 18. Nb5 Bxb2 19. Rab1 Be5 20. Nxa7 Nxa7 21. Bxb7 Rc2 22. Bd5 Nc8 23. Bb3 Rc7 24. Rd5 Bf6 25. g3 h5 26. Rxh5 g6 27. Rb5 Kg7 28. Rd1 Rc6 29. Kg2 Re8 30. h4 Re7 31. Rbd5 Ra7 32. Rd7 Rcc7 33. R7d3 Ra6 34. Bf4 Re7 35. Rd8 Ra8 36. Rc1 Rc7 37. Bxc7 Bxd8 38. Bxd8 Nd6 39. Bxb6 Ne4 40. Bd4+ Kh7 41. Rc7 Nd2 42. Rxf7+ Kh6 43. Be3+ 1-0


[Site "https://www.chess.com"]

[Event "Titled Tuesday Blitz February 22 Late 2022"]
[White "Todorovic, Bojan"]
[Black "Rosen, Eric"]
[WhiteFideId "917087"]
[BlackFideId "2032562"]
[WhiteElo "2266"]
[BlackElo "2362"]
[Result "0-1"]
[Round "03"]
[TimeControl "180+1"]
[Date "2022.02.23"]
[WhiteClock "0:00:15"]
[BlackClock "0:00:06"]

1. Nf3 d5 2. c4 e6 3. b3 Nf6 4. Bb2 Be7 5. g3 O-O 6. Bg2 c5 7. O-O d4 8. b4 Nc6 9. b5 Nb8 10. e3 dxe3 11. dxe3 Nbd7 12. Nc3 Rb8 13. Qc2 b6 14. a4 Bb7 15. a5 Qc7 16. Ne2 Be4 17. Qc3 Qb7 18. Ne1 Bxg2 19. Nxg2 Rfd8 20. Rfd1 Qf3 21. Nef4 bxa5 22. Ne1 Qg4 23. h3 Qg5 24. Nf3 Qf5 25. Qxa5 g5 26. g4 Nxg4 27. hxg4 Qxg4+ 28. Ng2 Qxf3 29. Qc7 Nf6 30. Qxe7 Rxd1+ 31. Rxd1 Qxd1+ 32. Kh2 Qh5+ 33. Kg1 Qd1+ 34. Kh2 Ng4+ 35. Kg3 h6 36. f3 Qe2 37. fxg4 Qxb2 38. Qxc5 Qf6 39. Qd6 Qd8 40. Qe5 Rc8 41. c5 Qc7 42. Qxc7 Rxc7 43. c6 a6 44. e4 axb5 45. Ne3 Rxc6 0-1


[Site "https://www.chess.com"]

[Event "Titled Tuesday Blitz February 22 Late 2022"]
[White "Tomiello, Mateus Costamilan"]
[Black "Colas, Joshua"]
[WhiteFideId "22701958"]
[BlackFideId "2044447"]
[WhiteElo "1975"]
[BlackElo "2347"]
[Result "0-1"]
[Round "03"]
[TimeControl "180+1"]
[Date "2022.02.23"]
[WhiteClock "0:00:02"]
[BlackClock "0:00:58"]

1. e4 c6 2. d4 d5 3. Nc3 dxe4 4. Nxe4 Nf6 5. Nxf6+ exf6 6. c3 Bd6 7. Bd3 O-O 8. Ne2 Re8 9. O-O Nd7 10. Re1 Qc7 11. h3 Nf8 12. Kh1 Ng6 13. Be3 Be6 14. Ng1 Rad8 15. c4 f5 16. Bg5 Be7 17. Bxe7 Nxe7 18. Nf3 Ng6 19. Qc2 Qf4 20. Rad1 Rd7 21. Bf1 Red8 22. Re3 a6 23. b3 Qc7 24. Rc3 f6 25. Re3 Nf8 26. Bd3 g6 27. Rde1 Bf7 28. Qe2 b5 29. Re7 Rxe7 30. Qxe7 Qxe7 31. Rxe7 Rd7 32. Rxd7 Nxd7 33. d5 Nc5 34. Be2 bxc4 35. dxc6 cxb3 36. axb3 Bxb3 37. Nd4 Bd5 38. Bf3 Ne4 39. Bxe4 fxe4 40. c7 Bb7 41. Nc6 Kf8 42. Na7 Ke8 43. c8=Q+ Bxc8 44. Nxc8 Kd7 45. Nb6+ Kc6 46. Nc4 Kc5 47. Nb2 Kb4 48. Kg1 Kb3 49. Nd1 a5 50. Kf1 a4 51. Ke2 a3 52. Kd2 a2 0-1


[Site "https://www.chess.com"]

[Event "Titled Tuesday Blitz February 22 Late 2022"]
[White "Tregubov, Pavel V."]
[Black "Dounis, Alexandros"]
[WhiteFideId "4115341"]
[BlackFideId "4213238"]
[WhiteElo "2341"]
[BlackElo "2195"]
[Result "1-0"]
[Round "03"]
[TimeControl "180+1"]
[Date "2022.02.23"]
[WhiteClock "0:00:14"]
[BlackClock "0:00:02"]

1. e4 e5 2. Nf3 Nc6 3. Bb5 a6 4. Ba4 g6 5. d4 exd4 6. Bg5 Be7 7. Bxe7 Qxe7 8. O-O Nf6 9. e5 Nd5 10. Bb3 Nb6 11. Re1 O-O 12. Nbd2 d6 13. exd6 Qxd6 14. Ne4 Qd8 15. Qd2 Bf5 16. Qh6 Bxe4 17. Ng5 Qxg5 18. Qxg5 Bf5 19. h4 Kg7 20. h5 h6 21. Qf4 Rac8 22. g4 Bd7 23. g5 hxg5 24. Qxg5 Rh8 25. hxg6 Rh6 26. Bxf7 Rch8 27. Kf1 Rh5 28. Qg3 Nb4 29. Bc4 Nc6 30. Qxc7 Rh1+ 31. Ke2 Re8+ 32. Kd3 Nb4+ 33. Kxd4 Nxc2+ 34. Kc3 1-0


[Site "https://www.chess.com"]

[Event "Titled Tuesday Blitz February 22 Late 2022"]
[White "Van Foreest, Jorden"]
[Black "Bryakin, Mikhail"]
[WhiteFideId "1039784"]
[BlackFideId "4165314"]
[WhiteElo "2609"]
[BlackElo "2421"]
[Result "1/2-1/2"]
[Round "03"]
[TimeControl "180+1"]
[Date "2022.02.22"]
[WhiteClock "0:00:35"]
[BlackClock "0:00:59"]

1. e4 c5 2. Nf3 Nc6 3. Bc4 e6 4. O-O d5 5. Bb5 dxe4 6. Ne5 Bd7 7. Nxd7 Qxd7 8. Nc3 Nf6 9. Re1 a6 10. Bxc6 Qxc6 11. Qe2 Be7 12. Nxe4 Nxe4 13. Qxe4 Qxe4 14. Rxe4 O-O-O 15. d3 Rd5 16. a4 b6 17. Bd2 Kb7 18. Bc3 Rg8 19. Rf4 f6 20. Re4 e5 21. f4 Bd6 22. fxe5 Bxe5 23. Bxe5 Rxe5 24. Rxe5 fxe5 25. Re1 Re8 26. Kf2 Kc6 27. Ke3 Rf8 28. Re2 Kd5 29. g3 g6 30. Kd2 Rf1 31. Ke3 b5 32. axb5 axb5 33. c3 g5 34. Kd2 g4 35. b3 h5 36. c4+ bxc4 37. bxc4+ Ke6 38. Ke3 Rf3+ 39. Ke4 Rf1 40. Ke3 Rf3+ 41. Kd2 Rf1 42. Kc3 Rb1 43. Ra2 Rc1+ 44. Kd2 Rh1 45. Ke3 Re1+ 46. Kf2 Rh1 47. Ke3 Re1+ 48. Kd2 Rh1 49. Kc3 Rc1+ 50. Kb3 Rd1 51. Kc3 Rc1+ 1/2-1/2


[Site "https://www.chess.com"]

[Event "Titled Tuesday Blitz February 22 Late 2022"]
[White "Van den Dikkenberg, Erik"]
[Black "Holt, Conrad"]
[WhiteFideId "1005880"]
[BlackFideId "2034387"]
[WhiteElo "2118"]
[BlackElo "2586"]
[Result "0-1"]
[Round "03"]
[TimeControl "180+1"]
[Date "2022.02.22"]
[WhiteClock "0:00:16"]
[BlackClock "0:01:36"]

1. e4 e6 2. d4 d5 3. Nc3 Nf6 4. e5 Nfd7 5. f4 c5 6. Nf3 Nc6 7. Be3 cxd4 8. Nxd4 Bc5 9. Qd2 O-O 10. O-O-O a6 11. h4 Nxd4 12. Bxd4 b5 13. h5 b4 14. Ne2 a5 15. Rh3 Ba6 16. Ng3 Bxf1 17. Rxf1 Bxd4 18. Qxd4 Rc8 19. f5 Rc4 20. Qd2 Nxe5 21. f6 gxf6 22. h6 Rg4 23. Nh5 f5 24. Qe3 Nc4 25. Qe2 Qg5+ 26. Kb1 Rxg2 27. Qd1 Nd2+ 28. Ka1 Nxf1 29. Qxf1 Rg1 30. Nf6+ Kh8 0-1


[Site "https://www.chess.com"]

[Event "Titled Tuesday Blitz February 22 Late 2022"]
[White "Velikanov, Alexander"]
[Black "Chernomordik, Pavel"]
[WhiteFideId "2039290"]
[BlackFideId "2804530"]
[WhiteElo "2259"]
[BlackElo "2249"]
[Result "0-1"]
[Round "03"]
[TimeControl "180+1"]
[Date "2022.02.23"]
[WhiteClock "0:00:02"]
[BlackClock "0:00:49"]

1. g3 h5 2. Nf3 g6 3. d4 Bg7 4. e4 d6 5. Nbd2 c5 6. c3 Nc6 7. Bb5 Bd7 8. dxc5 dxc5 9. O-O a6 10. Bc4 b5 11. Bb3 c4 12. Bc2 Qc7 13. a4 Rb8 14. Re1 Nh6 15. e5 Nf5 16. e6 Bxe6 17. Rxe6 fxe6 18. Ng5 Qd6 19. Qe2 Ne5 20. Nde4 Qc6 21. axb5 axb5 22. Nc5 Qxc5 23. Nxe6 Qc6 24. Nxg7+ Nxg7 25. Qxe5 O-O 26. Ra7 Qf6 27. Qe2 Rbe8 28. Rb7 Nf5 29. Be4 Nd6 30. Ra7 Nxe4 0-1


[Site "https://www.chess.com"]

[Event "Titled Tuesday Blitz February 22 Late 2022"]
[White "Vifleemskaia, Svetlana"]
[Black "Borisova, Ekaterina"]
[WhiteFideId "4129490"]
[BlackFideId "34124184"]
[WhiteElo "1901"]
[BlackElo "2034"]
[Result "0-1"]
[Round "03"]
[TimeControl "180+1"]
[Date "2022.02.23"]
[WhiteClock "0:00:05"]
[BlackClock "0:00:29"]

1. d4 Nf6 2. c4 e6 3. Nc3 Bb4 4. e3 O-O 5. Ne2 Re8 6. a3 Bf8 7. d5 exd5 8. cxd5 d6 9. g3 a5 10. Bg2 Na6 11. b4 Bf5 12. b5 Nc5 13. O-O a4 14. f3 Bd3 15. e4 g6 16. Be3 Bg7 17. Bxc5 Bxe2 18. Qxe2 dxc5 19. Qc4 Nd7 20. f4 Bd4+ 21. Kh1 Nb6 22. Qd3 Qd7 23. Rab1 Rad8 24. Rfd1 h5 25. Ne2 Bg7 26. e5 c4 27. Qe4 h4 28. Nc3 Bf8 29. Ra1 Bc5 30. e6 fxe6 31. Qxg6+ Qg7 32. Qxg7+ Kxg7 33. dxe6 Rxd1+ 34. Rxd1 Rxe6 35. Bxb7 Bxa3 36. gxh4 Bb2 37. Ne4 a3 38. f5 Rxe4 39. Bxe4 a2 0-1


[Site "https://www.chess.com"]

[Event "Titled Tuesday Blitz February 22 Late 2022"]
[White "Villegas, Pierre"]
[Black "Thomas, Anysia"]
[WhiteFideId "654183"]
[BlackFideId "670472"]
[WhiteElo "2410"]
[BlackElo "2002"]
[Result "1-0"]
[Round "03"]
[TimeControl "180+1"]
[Date "2022.02.23"]
[WhiteClock "0:00:13"]
[BlackClock "0:00:02"]

1. d4 Nf6 2. c4 g6 3. f3 Nc6 4. Nc3 d5 5. cxd5 Nxd5 6. e4 Nxc3 7. bxc3 Bg7 8. Be3 O-O 9. Bb5 Na5 10. Ne2 c6 11. Bd3 c5 12. Rc1 a6 13. d5 c4 14. Bb1 e6 15. dxe6 Bxe6 16. Qxd8 Rfxd8 17. Bb6 Nc6 18. Bxd8 Rxd8 19. Rd1 Rc8 20. Nd4 Nxd4 21. cxd4 c3 22. d5 c2 23. Bxc2 Rxc2 24. dxe6 Bc3+ 25. Kf1 fxe6 26. h4 e5 27. h5 Bd4 28. hxg6 hxg6 29. a4 Rf2+ 30. Ke1 Rxg2 31. Rb1 Ra2 32. Rh3 Rxa4 33. Rxb7 Ra1+ 34. Ke2 Ra2+ 35. Kd3 Ra3+ 36. Kc4 Rc3+ 37. Kd5 Rc5+ 38. Kd6 Rc8 39. Rg3 1-0


[Site "https://www.chess.com"]

[Event "Titled Tuesday Blitz February 22 Late 2022"]
[White "Vine, Elzbieta"]
[Black "Romero Ruscalleda, Josep"]
[WhiteFideId "1119320"]
[BlackFideId "2231859"]
[WhiteElo "1876"]
[BlackElo "2367"]
[Result "0-1"]
[Round "03"]
[TimeControl "180+1"]
[Date "2022.02.23"]
[WhiteClock "0:00:03"]
[BlackClock "0:01:14"]

1. e4 g6 2. d4 Bg7 3. Nf3 d6 4. Nc3 a6 5. Be3 b5 6. Qd2 Nd7 7. Be2 Bb7 8. h4 h5 9. a3 Ngf6 10. e5 Ng4 11. exd6 cxd6 12. Bg5 Rc8 13. O-O O-O 14. Nh2 Nxh2 15. Kxh2 Nf6 16. f3 Qd7 17. Bh6 Qf5 18. Bxg7 Kxg7 19. Rae1 Nd5 20. Bd3 Qf6 21. Ne2 Qxh4+ 22. Kg1 Rfe8 23. b3 Nf6 24. g3 Qh3 25. Qg5 Nh7 26. Nf4 Nxg5 27. Nxh3 Nxh3+ 28. Kg2 Ng5 0-1


[Site "https://www.chess.com"]

[Event "Titled Tuesday Blitz February 22 Late 2022"]
[White "Virtanen, Teemu"]
[Black "Ardila, Oscar Humberto"]
[WhiteFideId "509850"]
[BlackFideId "4404742"]
[WhiteElo "1926"]
[BlackElo "1898"]
[Result "1-0"]
[Round "03"]
[TimeControl "180+1"]
[Date "2022.02.23"]
[WhiteClock "0:00:07"]
[BlackClock "0:00:23"]

1. c4 Nf6 2. Nc3 e6 3. e4 d6 4. d4 Be7 5. f4 c5 6. d5 exd5 7. cxd5 Bg4 8. Nf3 Nbd7 9. Be2 a6 10. a4 Qc7 11. O-O O-O 12. Be3 b6 13. Qc2 Rfe8 14. Rfe1 Bf8 15. h3 Bxf3 16. Bxf3 Rab8 17. Be2 c4 18. Bd4 b5 19. axb5 axb5 20. Ra7 Rb7 21. Ra6 Nc5 22. Rc6 Qe7 23. Bxc5 dxc5 24. e5 b4 25. Ne4 Nxd5 26. Bxc4 Nxf4 27. Nd6 Ne6 28. Nxe8 Qxe8 29. Ra6 Nd4 30. Qe4 Re7 31. Ra8 Qd7 32. Rf1 Ne6 33. Bd5 Ng5 34. Qc4 Rxe5 35. Qxc5 Re8 36. Rxe8 Qxe8 37. Qf2 Ne6 38. Re1 Bc5 39. Qxc5 Qd7 40. Bxe6 fxe6 41. Qe5 Qa7+ 42. Kh1 h6 43. Qxe6+ Kh7 44. Qf5+ Kh8 45. Re8# 1-0


[Site "https://www.chess.com"]

[Event "Titled Tuesday Blitz February 22 Late 2022"]
[White "Vovk, Orest"]
[Black "Zong, Davis"]
[WhiteFideId "14113490"]
[BlackFideId "30903955"]
[WhiteElo "2203"]
[BlackElo "2061"]
[Result "1-0"]
[Round "03"]
[TimeControl "180+1"]
[Date "2022.02.23"]
[WhiteClock "0:00:30"]
[BlackClock "0:00:01"]

1. h4 e5 2. h5 d5 3. h6 Nxh6 4. d4 e4 5. Bxh6 gxh6 6. e3 Be6 7. Ne2 Nc6 8. Nf4 Qd7 9. c4 O-O-O 10. cxd5 Bxd5 11. Nxd5 Qxd5 12. Nc3 Bb4 13. Qb3 Qg5 14. g3 Kb8 15. Be2 Rhe8 16. Rh5 Qg6 17. Rb5 Bxc3+ 18. Qxc3 Qd6 19. Rc1 Ne7 20. Qb3 b6 21. Rbc5 Nd5 22. Bc4 c6 23. Bxd5 cxd5 24. Rc6 Qd7 25. a4 Rc8 26. Qb5 Rxc6 27. Rxc6 Qh3 28. Rxb6+ axb6 29. Qxe8+ Kb7 30. Qxf7+ Ka6 31. Qxd5 Qh1+ 32. Kd2 Qb1 33. Qb5+ Kb7 34. a5 1-0


[Site "https://www.chess.com"]

[Event "Titled Tuesday Blitz February 22 Late 2022"]
[White "Warakomska, Anna"]
[Black "Maltsevskaya, Aleksandra"]
[WhiteFideId "1130790"]
[BlackFideId "24174041"]
[WhiteElo "2062"]
[BlackElo "2283"]
[Result "1-0"]
[Round "03"]
[TimeControl "180+1"]
[Date "2022.02.23"]
[WhiteClock "0:00:11"]
[BlackClock "0:00:03"]

1. e4 c5 2. Nf3 e6 3. g3 Nc6 4. Bg2 Nf6 5. Qe2 d5 6. exd5 Nxd5 7. O-O Be7 8. Nc3 O-O 9. d3 Nxc3 10. bxc3 Bf6 11. Bd2 b6 12. Ne5 Nxe5 13. Bxa8 Ba6 14. Bg2 Qd7 15. a4 Bb7 16. f4 Bxg2 17. Qxg2 Nc6 18. Qe4 g6 19. Ra2 Rd8 20. Raa1 Kg7 21. Rae1 Ne7 22. g4 Kg8 23. Qg2 Nd5 24. f5 exf5 25. c4 Ne7 26. gxf5 Nxf5 27. Kh1 Bd4 28. Re4 Bg7 29. Bg5 Re8 30. Rfe1 Rxe4 31. Qxe4 Ng3+ 32. hxg3 Qh3+ 33. Kg1 Qxg3+ 34. Kf1 Qxg5 35. Qa8+ Bf8 36. Re8 Qf4+ 37. Ke2 Qd6 38. Qd8 Qh2+ 39. Ke3 Qh6+ 40. Ke2 g5 41. Qb8 Qg7 42. Qxa7 h5 43. Qxb6 h4 44. Qxc5 g4 45. Rxf8+ Qxf8 46. Qxf8+ Kxf8 47. a5 h3 48. Kf2 h2 49. Kg2 g3 50. a6 f5 51. a7 1-0


[Site "https://www.chess.com"]

[Event "Titled Tuesday Blitz February 22 Late 2022"]
[White "Weber, Samuel"]
[Black "Golubovskis, Maksims"]
[WhiteFideId "12924008"]
[BlackFideId "11608528"]
[WhiteElo "2215"]
[BlackElo "2066"]
[Result "1-0"]
[Round "03"]
[TimeControl "180+1"]
[Date "2022.02.23"]
[WhiteClock "0:01:34"]
[BlackClock "0:00:11"]

1. e4 c5 2. Nf3 d6 3. Bb5+ Nd7 4. d4 cxd4 5. Qxd4 Nf6 6. c4 e6 7. Bg5 Be7 8. O-O O-O 9. Nc3 a6 10. Ba4 Nc5 11. Bc2 Bd7 12. b4 e5 13. Qd2 Ne6 14. Be3 Ng4 15. Rfd1 Nxe3 16. Qxe3 Rc8 17. Bb3 b5 18. cxb5 axb5 19. Nd5 f5 20. exf5 Rxf5 21. Qd3 Nf4 22. Nxf4+ 1-0


[Site "https://www.chess.com"]

[Event "Titled Tuesday Blitz February 22 Late 2022"]
[White "Weetik, Vjacheslav"]
[Black "Gracia Alvarez, Gerardo Antonio"]
[WhiteFideId "4153472"]
[BlackFideId "5109124"]
[WhiteElo "2469"]
[BlackElo "2139"]
[Result "1-0"]
[Round "03"]
[TimeControl "180+1"]
[Date "2022.02.23"]
[WhiteClock "0:00:07"]
[BlackClock "0:00:09"]

1. e4 c5 2. Nf3 Nc6 3. Bb5 d6 4. Bxc6+ bxc6 5. e5 dxe5 6. Nxe5 Qd5 7. Nf3 Qe4+ 8. Kf1 Bg4 9. Nc3 Bxf3 10. Qxf3 Qxf3 11. gxf3 e6 12. d3 Rb8 13. b3 Nf6 14. Be3 Nd7 15. Ke2 f6 16. a4 Kf7 17. a5 Be7 18. Ra4 f5 19. f4 Nf6 20. Rc4 Nd5 21. Bxc5 Nxf4+ 22. Kd2 Nd5 23. Bxe7 Nxe7 24. Re1 Rhd8 25. Na4 Rd5 26. Nc5 e5 27. b4 e4 28. Kc3 exd3 29. Nxd3 Rd6 30. Rd4 Rxd4 31. Kxd4 Rd8+ 32. Kc4 Kf6 33. a6 Rd5 34. Nc5 Rd6 35. h4 h6 36. h5 Kf7 37. f4 Nd5 38. Re5 Nxf4 39. Rxf5+ Rf6 40. Rxf6+ gxf6 41. b5 cxb5+ 42. Kxb5 Nd5 43. Kc6 Nb4+ 44. Kb7 f5 45. Kxa7 Ke7 46. Kb7 Nxa6 47. Kxa6 Kd6 48. Nd3 Kd5 49. Kb5 Kd4 50. Kb4 Ke3 51. Kc4 f4 52. Nxf4 Kxf4 53. Kd5 Kg5 54. c4 Kxh5 55. c5 Kg4 56. c6 h5 57. c7 Kg3 58. c8=Q h4 59. Qg8+ Kh2 60. Qg4 h3 61. Ke4 Kh1 62. Qxh3+ 1-0


[Site "https://www.chess.com"]

[Event "Titled Tuesday Blitz February 22 Late 2022"]
[White "Wieczorek, Oskar"]
[Black "Lehtosaari, Mauri"]
[WhiteFideId "1133950"]
[BlackFideId "501999"]
[WhiteElo "2319"]
[BlackElo "2444"]
[Result "1-0"]
[Round "03"]
[TimeControl "180+1"]
[Date "2022.02.23"]
[WhiteClock "0:01:32"]
[BlackClock "0:00:31"]

1. e4 c5 2. Nf3 e6 3. g3 Nc6 4. Bg2 d6 5. O-O Nf6 6. Qe2 Be7 7. Rd1 Nd4 8. Nxd4 cxd4 9. c3 Qb6 10. cxd4 Qxd4 11. Nc3 a6 12. d3 Qb4 13. d4 O-O 14. e5 Nd7 15. Bf4 d5 16. Bxd5 Re8 17. Bg2 Nb6 18. Rac1 Bd7 19. Bxb7 Ra7 20. Bg2 Bb5 21. Nxb5 axb5 22. a3 Qa4 23. Bc6 1-0


[Site "https://www.chess.com"]

[Event "Titled Tuesday Blitz February 22 Late 2022"]
[White "Willathgamuwa, Kevin"]
[Black "Budrewicz, Krzysztof"]
[WhiteFideId "3214168"]
[BlackFideId "1127950"]
[WhiteElo "1943"]
[BlackElo "2248"]
[Result "0-1"]
[Round "03"]
[TimeControl "180+1"]
[Date "2022.02.23"]
[WhiteClock "0:00:28"]
[BlackClock "0:01:44"]

1. e4 g6 2. d4 Bg7 3. Be3 d6 4. Nc3 Nf6 5. f3 O-O 6. Qd2 e5 7. Nge2 Nc6 8. h4 h5 9. O-O-O Bd7 10. Kb1 a6 11. Nd5 Nxd5 12. exd5 Ne7 13. dxe5 dxe5 14. Bh6 Nf5 15. Bxg7 Nxg7 16. Nc3 f5 17. Bc4 b5 18. Bb3 Kh7 19. Qe3 Qf6 20. Qc5 Qd6 21. Qe3 a5 22. a4 b4 23. Ne2 Rfe8 24. Rhe1 f4 25. Qe4 Nf5 26. Rd2 Nxh4 27. g3 Bf5 28. Qc4 Nxf3 29. Rdd1 Nxe1 30. Rxe1 f3 31. Nc1 e4 32. Qd4 Qe5 33. Qe3 Rad8 34. Nd3 exd3 35. Qxe5 Rxe5 36. Rxe5 d2 37. Rxf5 d1=Q+ 0-1


[Site "https://www.chess.com"]

[Event "Titled Tuesday Blitz February 22 Late 2022"]
[White "Winkels, Marcel"]
[Black "Farmani Anosheh, Armin"]
[WhiteFideId "1003887"]
[BlackFideId "24613240"]
[WhiteElo "1900"]
[BlackElo "2289"]
[Result "0-1"]
[Round "03"]
[TimeControl "180+1"]
[Date "2022.02.23"]
[WhiteClock "0:00:04"]
[BlackClock "0:00:17"]

1. e4 c5 2. Nf3 d6 3. d4 cxd4 4. Nxd4 Nf6 5. Nc3 Nc6 6. Bg5 e6 7. Qd2 a6 8. O-O-O Bd7 9. h4 Be7 10. f3 Nxd4 11. Qxd4 b5 12. e5 dxe5 13. Qxe5 Rc8 14. Ne4 Nxe4 15. fxe4 Bxg5+ 16. hxg5 Qc7 17. Qxc7 Rxc7 18. Bd3 e5 19. Rdf1 Be6 20. b3 Ke7 21. Kd2 b4 22. Ke3 a5 23. Rf2 Rc3 24. Kd2 a4 25. bxa4 Ra3 26. Rb1 Rxa4 27. Bb5 Rd8+ 28. Kc1 Rxa2 29. Rxb4 Rb8 30. Rb1 Ra3 31. Bd3 Rc8 32. Kd2 Kf8 33. Rb7 Kg8 34. Rf1 Rd8 35. Rfb1 Raa8 36. R1b2 h6 37. gxh6 g6 38. c4 Bxc4 39. R2b3 Bxb3 40. Rxb3 Rd7 41. Ke3 Kh7 42. Rb2 Kxh6 43. g3 Kg5 44. Rf2 Ra3 45. Rd2 f5 46. exf5 gxf5 47. Kf2 Rdxd3 0-1


[Site "https://www.chess.com"]

[Event "Titled Tuesday Blitz February 22 Late 2022"]
[White "Wu, Christopher"]
[Black "Gatterer, Florian"]
[WhiteFideId "2040875"]
[BlackFideId "811688"]
[WhiteElo "2632"]
[BlackElo "2218"]
[Result "1-0"]
[Round "03"]
[TimeControl "180+1"]
[Date "2022.02.23"]
[WhiteClock "0:00:07"]
[BlackClock "0:00:01"]

1. d4 Nf6 2. c4 e6 3. Nf3 d5 4. g3 Bb4+ 5. Nbd2 O-O 6. Bg2 b6 7. O-O Bb7 8. Ne5 Nbd7 9. Qc2 Bxd2 10. Bxd2 Nxe5 11. dxe5 Ne4 12. Bf4 g5 13. Be3 Qe7 14. Rfd1 Rfd8 15. Rac1 c5 16. Kf1 d4 17. Bxe4 dxe3 18. fxe3 f5 19. exf6 Qxf6+ 20. Kg1 Qe7 21. b3 a5 22. Rxd8+ Rxd8 23. Bxb7 Qxb7 24. Rf1 Rf8 25. Rxf8+ Kxf8 26. Qd3 Qe7 27. Qe4 Kg7 28. Qe5+ Qf6 29. Qc7+ Kg6 30. Qxb6 Qe5 31. Qc6 Qxe3+ 32. Kf1 Qe5 33. a4 h5 34. Qf3 Qa1+ 35. Kf2 Qe5 36. Qd3+ Kf6 37. Qd8+ Kg6 38. Qxa5 Qd4+ 39. Ke1 Qa1+ 40. Kd2 Qb2+ 41. Kd3 Qd4+ 42. Kc2 Qe4+ 43. Kb2 Qxe2+ 44. Ka3 Qe3 45. Qd8 Qg1 46. Ka2 Qf2+ 47. Ka3 Qg1 48. Qe8+ Kh6 49. Qh8+ Kg6 50. Qb2 Qe3 51. a5 Qe4 52. Qc3 Qc6 53. b4 cxb4+ 54. Qxb4 Qf3+ 55. Qb3 Qc6 56. Qd3+ 1-0


[Site "https://www.chess.com"]

[Event "Titled Tuesday Blitz February 22 Late 2022"]
[White "Yordanov, Nikolay Plamenov"]
[Black "Hjartarson, Johann"]
[WhiteFideId "2907445"]
[BlackFideId "2300044"]
[WhiteElo "2248"]
[BlackElo "2484"]
[Result "1-0"]
[Round "03"]
[TimeControl "180+1"]
[Date "2022.02.23"]
[WhiteClock "0:01:33"]
[BlackClock "0:01:04"]

1. d4 Nf6 2. Bf4 d6 3. e3 g6 4. h3 Bg7 5. Nf3 O-O 6. Be2 c5 7. O-O Nc6 8. d5 Nb4 9. Nc3 Bf5 10. a3 Na6 11. Bd3 Bxd3 12. Qxd3 Nc7 13. a4 Rb8 14. e4 Nd7 15. Rfe1 a6 16. Rab1 b5 17. axb5 axb5 18. b4 c4 19. Qd2 Ra8 20. Bh6 Ne5 21. Nd4 Bxh6 22. Qxh6 Ra3 23. Re3 f6 24. Ncxb5 Rxe3 25. Qxe3 Nxb5 26. Nxb5 Qb8 27. Nd4 Rc8 28. b5 Qb6 29. Nc6 Qxe3 30. fxe3 Kf7 31. b6 1-0


[Site "https://www.chess.com"]

[Event "Titled Tuesday Blitz February 22 Late 2022"]
[White "Yuan, Qingyu"]
[Black "Le Goff, Ronan"]
[WhiteFideId "8609772"]
[BlackFideId "612073"]
[WhiteElo "2359"]
[BlackElo "2276"]
[Result "1-0"]
[Round "03"]
[TimeControl "180+1"]
[Date "2022.02.23"]
[WhiteClock "0:00:50"]
[BlackClock "0:01:29"]

1. Nf3 Nf6 2. g3 d5 3. Bg2 g6 4. b3 Bg7 5. Bb2 O-O 6. O-O c5 7. e3 Nc6 8. d3 Re8 9. Ne5 Nxe5 10. Bxe5 Be6 11. c4 Rc8 12. Nc3 b6 13. Rc1 dxc4 14. dxc4 Qxd1 15. Rfxd1 Bg4 16. f3 Be6 17. Nb5 Bh6 18. Kf2 Nd7 19. Bb2 a6 20. Nc3 f6 21. Nd5 Bxd5 22. Rxd5 Nb8 23. Rcd1 e6 24. Rd6 Kf7 25. Rxb6 Red8 26. Rb7+ Kg8 27. Rxd8+ Rxd8 28. Bxf6 Rd2+ 29. Kf1 Nc6 30. Bh3 Bxe3 31. Bxe6+ Kf8 32. Rxh7 Rf2+ 33. Ke1 Rxf3 34. Rh8# 1-0


[Site "https://www.chess.com"]